 Dungeon Crawl Stone Soup version 0.27-a0-604-g29a88b33a7 (webtiles) character file.

Game seed: 9717495638598787147

18 dolemite99 the Vexing (level 2, 0/23 HPs)
             Began as a Gnoll Arcane Marksman on Mar 13, 2021.
             Slain by a kobold
             ... wielding a +0 whip
              (1 damage)
             ... on level 1 of the Dungeon.
             The game lasted 00:01:16 (1349 turns).

dolemite99 the Vexing (Gnoll Arcane Marksman)       Turns: 1349, Time: 00:01:17

Health: 0/23       AC:  3    Str:  9    XL:     2   Next: 70%
Magic:  5/5        EV: 12    Int: 12    God:
Gold:   73         SH:  0    Dex: 12    Spells: 5/6 levels left

rFire    . . .     SeeInvis .   a - +0 shortbow
rCold    . . .     Faith    .   (shield currently unavailable)
rNeg     . . .     Spirit   .   h - +0 leather armour
rPois    .         Reflect  .   (no helmet)
rElec    .         Harm     .   (no cloak)
rCorr    .         Rampage  .   (no gloves)
Will     .....                  (no boots)
Stlth    +.........             (no amulet)
HPRegen  0.07/turn              (no ring)
MPRegen  0.09/turn              (no ring)

@: no status effects
A: fangs 1, strong nose, distributed training
a: no special abilities


You were on level 1 of the Dungeon.
You visited 1 branch of the dungeon, and saw 1 of its levels.

You collected 73 gold pieces.

Inventory:

Hand Weapons
 a - a +0 shortbow (weapon)
 b - a +0 dagger
 j - a +0 short sword
Missiles
 c - 31 stones
 d - 10 arrows (quivered ammo)
 f - a throwing net
Armour
 e - a +0 robe
 h - a +0 leather armour (worn)
Scrolls
 g - a scroll of magic mapping {unknown}
 i - a scroll of enchant armour {unknown}


   Skills:
 + Level 2.5 Fighting
 + Level 0.5 Short Blades
 + Level 0.5 Long Blades
 + Level 0.5 Axes
 + Level 0.5 Maces & Flails
 + Level 0.5 Polearms
 + Level 0.5 Staves
 + Level 0.5 Slings
 + Level 4.5 Bows
 + Level 0.5 Crossbows
 + Level 0.5 Throwing
 + Level 0.5 Armour
 + Level 4.5 Dodging
 + Level 0.5 Stealth
 + Level 0.5 Shields
 + Level 0.5 Unarmed Combat
 + Level 2.7 Spellcasting
 + Level 0.3 Conjurations
 + Level 5.3 Hexes
 + Level 0.3 Summonings
 + Level 0.3 Necromancy
 + Level 0.3 Translocations
 + Level 0.3 Transmutations
 + Level 0.3 Fire Magic
 + Level 0.3 Ice Magic
 + Level 0.3 Air Magic
 + Level 0.3 Earth Magic
 + Level 0.3 Poison Magic
 + Level 0.6 Invocations
 + Level 0.5 Evocations


You had 5 spell levels left.
You knew the following spells:

 Your Spells              Type           Power      Damage    Failure   Level
a - Corona                Hex            15%        N/A       3%          1

Your spell library contained the following spells:

 Spells                   Type           Power      Damage    Failure   Level
 Slow                     Hex            14%        N/A       5%          2
 Inner Flame              Hex/Fire       8%         N/A       32%         3
 Portal Projectile        Hex/Tloc       16%        N/A       32%         3
 Cause Fear               Hex            7%         N/A       36%         4
 Leda's Liquefaction      Hex/Erth       4%         N/A       71%         4


Dungeon Overview and Level Annotations

Branches:
Dungeon (1/15)

Altars:


Innate Abilities, Weirdness & Mutations

You have very sharp teeth.
Your uncanny sense of smell can sniff out nearby items.
Your experience applies equally to all skills.


Message History

The kobold hits you but does no damage.
You hit the kobold but do no damage. Your bite misses the kobold.
The kobold closely misses you.
You closely miss the kobold. The kobold misses you.
You closely miss the kobold. The kobold hits you with a +0 whip.
You closely miss the kobold. The kobold hits you but does no damage.
A hobgoblin comes into view. It is wielding a +0 club.
You closely miss the kobold.
The hobgoblin shouts!
The kobold hits you but does no damage.
You hit the kobold but do no damage. Your bite misses the kobold.
The kobold closely misses you.
You hit the kobold but do no damage. The kobold hits you with a +0 whip.
* * * LOW HITPOINT WARNING * * *
You hit the kobold.
The kobold is severely wounded.
The kobold barely misses you.
You aren't carrying any potions.
a - a +0 shortbow (weapon)
Fire: 13 arrows
Press: ? - help, Q - select action, (/) - cycle Shift-Dir - straight line, f - kobold
Aim: a kobold, wielding a +0 whip (severely wounded, 53% to hit)
You shoot an arrow. The arrow closely misses the kobold.
The arrow hits the hobgoblin.
You kill the hobgoblin!
The kobold hits you with a +0 whip.
* * * LOW HITPOINT WARNING * * *
The kobold hits you but does no damage.
Fire: 12 arrows
Press: ? - help, Q - select action, (/) - cycle Shift-Dir - straight line, f/p - kobold
Aim: a kobold, wielding a +0 whip (severely wounded, 53% to hit)
You shoot an arrow. The arrow closely misses the kobold.
The kobold hits you with a +0 whip.
* * * LOW HITPOINT WARNING * * *
Fire: 11 arrows
Press: ? - help, Q - select action, (/) - cycle Shift-Dir - straight line, f/p - kobold
Aim: a kobold, wielding a +0 whip (severely wounded, 53% to hit)
You shoot an arrow. The arrow closely misses the kobold.
The kobold hits you with a +0 whip.
You die...

############
##..........######
##........†.......#
#...#..##..##..##..#
...#.#@####....####.#
#.###.#K## ##..## ##.###
#.>....(.## #..# ##.....
#####.....###..###...###
###)#..........#.# #
####.#..........#.###
####...(..###..###...##.
.......(.## #..# ##.....
........## # # ##..##


You could see a kobold.

Vanquished Creatures
  A bat (D:1)
  2 giant cockroaches (D:1)
  4 goblins (D:1)
  2 hobgoblins (D:1)
  4 kobolds (D:1)
  A frilled lizard (D:1)
  2 rats (D:1)
16 creatures vanquished.

Notes
Turn   | Place    | Note
-------+----------+-------------------------------------------
     0 | D:1      | dolemite99 the Gnoll Arcane Marksman began the quest for
                  | the Orb.
     0 | D:1      | Reached XP level 1. HP: 17/17 MP: 4/4
   611 | D:1      | Reached XP level 2. HP: 21/23 MP: 5/5
  1348 | D:1      | HP: 1/23 [kobold/+0 whip (1)]
  1349 | D:1      | Slain by a kobold

Illustrated notes

Levels and vault maps discovered:
D:1:      dpeg_arrival_rhombus, layout_basic, palyth_stone_intersect

Action                   || total
-------------------------++-------
Melee: Short sword       ||    34
       Dagger            ||    15
       Bite              ||     1
 Fire: Shortbow          ||    33
Throw: Stone             ||     1
Armor: Robe              ||     5
       Leather armour    ||    11
Dodge: Dodged            ||    35

Table legend: (Time is in decaauts)
 A = Elapsed time spent in this place.
 B = Non-inter-level travel time spent in this place.
 C = Inter-level travel time spent in this place.
 D = Time resting spent in this place.
 E = Time spent auto-exploring this place.
 F = Levels seen in this place.
 G = Mean time per level.
                   A        B        C        D        E       F      G
               +--------+--------+--------+--------+--------+-----+--------+
         Total |   1344 |   1330 |     14 |    734 |    383 |   1 | 1344.0 |
       Dungeon |   1344 |   1330 |     14 |    734 |    383 |   1 | 1344.0 |
               +--------+--------+--------+--------+--------+-----+--------+

Top non-repeatable levels by time:
     D:1: 1344 daAuts
